 Dungeon Crawl Stone Soup version 0.27-a0-899-ge2d0b17c59 (webtiles) character file.

Game seed: 2411269315175031505

3572 leviel the Skirmisher (level 10, -4/63 HPs)
             Began as a Gargoyle Fighter on Apr 5, 2021.
             Was a Priest of Okawaru.
             Slain by an apocalypse crab (15 damage)
             ... on level 3 of the Abyss.
             The game lasted 00:16:00 (9897 turns).

leviel the Skirmisher (Gargoyle Fighter)            Turns: 9897, Time: 00:16:01

Health: -4/63      AC: 19    Str: 24    XL:     10   Next: 9%
Magic:  0/12       EV: 10    Int:  8    God:    Okawaru [***...]
Gold:   389        SH: 12    Dex:  9    Spells: 9/9 levels left

rFire    . . .     SeeInvis .   a - +0 morningstar
rCold    . . .     Faith    .   c - +1 kite shield
rNeg     + . .     Spirit   +   b - +0 scale mail
rPois    ∞         Reflect  .   (no helmet)
rElec    +         Harm     .   (no cloak)
rCorr    +         Rampage  .   (no gloves)
Will     .....                  (no boots)
Stlth    ..........             j - amulet of guardian spirit
HPRegen  0.20/turn              i - ring of resist corrosion
MPRegen  0.13/turn              k - +4 ring of protection

@: about to teleport
A: AC +7, negative energy resistance 1, electricity resistance, torment
resistance 1, unbreathing 1, petrification resistance
a: Renounce Religion, Heroism


You were on level 3 of the Abyss.
You worshipped Okawaru.
Okawaru was most pleased with you.
You visited 2 branches of the dungeon, and saw 8 of its levels.
You visited the Abyss 1 time.
You also visited: Sewer.

You collected 389 gold pieces.

Inventory:

Hand Weapons
 a - a +0 morningstar (weapon)
Armour
 b - a +0 scale mail (worn)
 c - a +1 kite shield (worn)
 h - a +2 pair of gloves
Jewellery
 i - a ring of resist corrosion (left hand)
 j - an amulet of guardian spirit (around neck)
 k - a +4 ring of protection (right hand)
Wands
 g - a wand of paralysis (10) (quivered)
 p - a wand of random effects (25)
Scrolls
 e - 2 scrolls of identify
 n - 3 scrolls of fog
 o - 3 scrolls of teleportation
 t - a scroll of magic mapping
Potions
 d - 2 potions of might
 f - 2 potions of flight
 l - 3 potions of curing
 m - a potion of cancellation
 q - a potion of berserk rage


   Skills:
 * Level 7.1 Fighting
 + Level 6.0 Maces & Flails
 - Level 3.6 Throwing
 + Level 6.8 Armour
 + Level 5.1 Dodging
 + Level 7.0 Shields
 + Level 2.7 Invocations
 + Level 2.1 Evocations


You had 9 spell levels left.
You didn't know any spells.
Your spell library contained the following spells:

 Spells                   Type           Power      Damage    Failure   Level
 Beastly Appendage        Tmut           0%         N/A       95%         1
 Foxfire                  Conj/Fire      0%         2x1d4     95%         1
 Wereblood                Tmut           0%         N/A       99%         2
 Conjure Flame            Conj/Fire      0%         6-21      100%        3
 Inner Flame              Hex/Fire       0%         N/A       100%        3
 Spider Form              Tmut/Pois      0%         N/A       100%        3
 Ice Form                 Ice/Tmut       0%         N/A       100%        4
 Sticky Flame             Conj/Fire      0%         2d3       100%        4
 Fireball                 Conj/Fire      0%         3d3       100%        5
 Hydra Form               Tmut           0%         N/A       100%        5


Dungeon Overview and Level Annotations

Branches:
Dungeon (7/15)             Temple (1/1) D:5           Sewer (visited)

Altars:
Ashenzari
Cheibriados
Dithmenos
Hepliaklqana
Makhleb
Okawaru
Ru
Sif Muna
Trog
Uskayaw
Wu Jian
Xom
Zin
The Shining One


Innate Abilities, Weirdness & Mutations

Your stone body is resilient. (AC +7)
You are immune to poison.
You resist negative energy. (rN+)
You are resistant to electric shocks. (rElec)
You are resistant to unholy torment.
You can survive without breathing.
You are immune to petrification.


Message History

A chorus of shrieks assaults your mind.
A starcursed mass splits.
You see here a +2 pair of gloves.
h - a +2 pair of gloves A starcursed mass splits.
A deafening chorus of shrieks assaults your mind!
The large abomination hits you. The large abomination misses you.
The starcursed mass splashes around in the water.
You block the large abomination's attack.
The starcursed mass splashes around in the water.
A starcursed mass splits.
You see here a potion of curing.
You puncture the starcursed mass!
The starcursed mass is moderately damaged.
The starcursed mass shudders and is absorbed by its neighbour.
You block the large abomination's attack.
The large abomination misses you. The starcursed mass misses you.
You block the starcursed mass's attack. The large abomination hits you!
A starcursed mass splits.
Drinking this now will have no effect.
The large abomination barely misses you.
You block the apocalypse crab's attack.
The apocalypse crab claws you but does no damage.
The starcursed mass touches you.
As you read the scroll of teleportation, it crumbles to dust.
You feel strangely unstable.
You feel the power of the Abyss delaying your translocation!
The starcursed mass closely misses you.
You block the large abomination's attack.
The smoke demon gestures at you. Something smites you!
* * * LOW HITPOINT WARNING * * *
The apocalypse crab bites you but does no damage.
You block the apocalypse crab's attack.
A starcursed mass splits. x2
A starcursed mass splits.
You block the starcursed mass's attack.
The apocalypse crab bites you but does no damage.
The apocalypse crab claws you.
* * * LOW HITPOINT WARNING * * *
The apocalypse crab freezes you!
You die...

#. .. . #. #.
##.## #.##...##
....... # . #...#
.# #.#####..@##≈##
.#....≈tXXX.[##.
.§....XXXX3....#
##....XXX....### #
.###.###X#≈#+##
.##.. ..#.
....≈.... . #..##
........≈$.. . ..
# ..#.. ...≈
#.#..#.###≈##..[##


You could see 9 starcursed masses, an apocalypse crab, 2 large abominations and
a smoke demon.

Vanquished Creatures
  Pikel (D:5)
  Sigmund (D:6)
  A vampire (D:5)
  Eustachio (D:6)
  2 steam dragons
  A water moccasin (D:5)
  A sky beast (D:6)
  3 black bears
  An orc warrior (D:6)
  A necrophage (D:6)
  An ogre (D:5)
  A centaur (D:6)
  A phantom (D:6)
  Blork the orc (D:4)
  A kobold brigand (D:6)
  5 bullfrogs
  A scorpion (D:4)
  A water moccasin zombie (D:6)
  A wyvern skeleton (D:7)
  3 killer bees (D:7)
  2 hounds (D:4)
  3 orc priests
  A bullfrog skeleton (D:5)
  3 iguanas
  2 orc wizards
  A howler monkey zombie (D:6)
  12 adders
  4 gnolls (D:4)
  8 river rats
  A white imp (D:6)
  An ufetubus (D:5)
  An adder skeleton (D:4)
  8 worms
  3 dart slugs
  24 orcs
  3 bats
  11 endoplasms
  4 giant cockroaches
  8 goblins
  5 hobgoblins
  6 jackals
  13 kobolds
  3 quokkas
  18 ball pythons
  8 frilled lizards
  31 rats
213 creatures vanquished.

Vanquished Creatures (others)
  2 orc wizards (D:4)
  An orc (D:7)
3 creatures vanquished.

Grand Total: 216 creatures vanquished

Notes
Turn   | Place    | Note
-------+----------+-------------------------------------------
     0 | D:1      | leviel the Gargoyle Fighter began the quest for the Orb.
     0 | D:1      | Reached XP level 1. HP: 14/14 MP: 1/1
   196 | D:1      | Reached XP level 2. HP: 16/19 MP: 2/2
   531 | D:1      | Reached XP level 3. HP: 13/23 MP: 3/3
  2053 | D:2      | Reached XP level 4. HP: 29/29 MP: 4/4
  2816 | D:3      | Noticed a black bear
  2826 | D:3      | Killed a black bear
  2827 | D:3      | Reached skill level 1 in Dodging
  2827 | D:3      | Reached XP level 5. HP: 28/33 MP: 3/5
  3632 | D:4      | Reached XP level 6. HP: 39/39 MP: 6/6
  3711 | D:4      | Found a glowing drain.
  3716 | Sewer    | Entered a sewer
  4178 | Sewer    | Reached skill level 1 in Throwing
  4339 | Sewer    | Reached XP level 7. HP: 30/44 MP: 4/7
  4888 | D:4      | Reached skill level 5 in Shields
  5058 | D:4      | Reached skill level 5 in Fighting
  5107 | D:4      | Noticed Blork the orc
  5124 | D:4      | Killed Blork the orc
  5915 | D:4      | Reached XP level 8. HP: 33/49 MP: 6/8
  6328 | D:5      | Entered Level 5 of the Dungeon
  6347 | D:5      | Reached skill level 5 in Armour
  6383 | D:5      | Noticed a vampire
  6820 | D:5      | Found a staircase to the Ecumenical Temple.
  6953 | Temple   | Entered the Ecumenical Temple
  7138 | Temple   | Became a worshipper of Warmaster Okawaru
  7276 | D:5      | Killed a vampire
  8175 | D:6      | Noticed Sigmund
  8178 | D:6      | Noticed Pikel
  8267 | D:5      | Reached * piety under Okawaru
  8442 | D:5      | Killed Pikel
  8442 | D:5      | Reached ** piety under Okawaru
  8443 | D:5      | Reached skill level 5 in Maces & Flails
  8443 | D:5      | Reached XP level 9. HP: 49/55 MP: 7/9
  8521 | D:6      | Killed Sigmund
  8784 | D:6      | Reached skill level 1 in Invocations
  8784 | D:6      | Reached skill level 1 in Evocations
  8957 | D:6      | Reached *** piety under Okawaru
  9024 | D:6      | Reached skill level 5 in Dodging
  9444 | D:6      | Noticed Eustachio
  9472 | D:6      | Killed Eustachio
  9473 | D:6      | Reached XP level 10. HP: 52/61 MP: 9/11
  9842 | D:7      | Noticed a wizard
  9846 | D:7      | Cast into level 2 of the Abyss (a wizard)
  9885 | Abyss:3  | Noticed an apocalypse crab
  9888 | Abyss:3  | Noticed a large abomination
  9888 | Abyss:3  | Noticed a starcursed mass
  9889 | Abyss:3  | Noticed a smoke demon
  9897 | Abyss:3  | Slain by an apocalypse crab

Illustrated notes

Levels and vault maps discovered:
D:1:      dpeg_arrival_stonehenge_8_columns, layout_basic, feat_on_display
D:2:      layout_basic, kennysheep_generic_room_3
D:3:      layout_loops_corners, corexii_leaking_fountain, grunt_ministairs_9
D:4:      minmay_bubble_buster, layout_cave_pods, lightli_sewer_entry_pipes,
          chequers_serial_rivers_micro_c, mrwooster_statue_mirror,
          uniq_blork_the_orc
D:5:      layout_basic, minmay_temple_entry_proselytizer,
          kennysheep_generic_room_6
D:6:      layout_loops_cross, minmay_misc_feat_tiny,
          hangedman_decor_diamond_cutter, uniq_sigmund, uniq_pikel,
          uniq_eustachio
D:7:      cheibrodos_wizards_tower, layout_basic, uniq_duvessa
Temple:   zaba_magenta_temple
Abyss:3:  base: D:7, base: D:5, hangedman_abyss_or_decor_clamps

Skill      XL: |  1  2  3  4  5  6  7  8  9 10 |
---------------+-------------------------------+-----
Fighting       | 4 5 6 7 |  7.1
Shields        | 4 5 6 7 |  7.0
Maces & Flails | 3 4 5 6 |  6.0
Armour         | 4 6 |  6.8
Dodging        | 1 2 3 4 5 |  5.1
Throwing       | 1 2 3 |  3.6
Invocations    | 2 |  2.7
Evocations     | 1 2 |  2.1

Action                   |  1- 3 |  4- 6 |  7- 9 | 10-12 || total
-------------------------+-------+-------+-------+-------++-------
Melee: Flail             |   124 |    54 |       |       ||   178
       Morningstar       |       |   309 |   519 |    50 ||   878
Throw: Boomerang         |       |       |     5 |       ||     5
Evoke: Wand              |       |       |     2 |       ||     2
  Use: Scroll            |     4 |       |    12 |     1 ||    17
       Potion            |       |     1 |    14 |     1 ||    16
 Stab: Paralysed         |       |       |     5 |       ||     5
Armor: Scale mail        |    66 |   375 |   459 |    40 ||   940
Dodge: Dodged            |    42 |   247 |   260 |    27 ||   576
Block: Kite shield       |    56 |   344 |   374 |    57 ||   831

Table legend: (Time is in decaauts)
 A = Elapsed time spent in this place.
 B = Non-inter-level travel time spent in this place.
 C = Inter-level travel time spent in this place.
 D = Time resting spent in this place.
 E = Time spent auto-exploring this place.
 F = Levels seen in this place.
 G = Mean time per level.
                   A        B        C        D        E       F      G
               +--------+--------+--------+--------+--------+-----+--------+
         Total |  10483 |  10173 |    310 |   1780 |   6085 |  11 |  953.0 |
       Dungeon |   9248 |   8964 |    284 |   1506 |   5675 |   7 | 1321.1 |
        Temple |    198 |    172 |     26 |    100 |     54 |   1 |  198.0 |
         Abyss |     50 |     50 |      0 |      0 |      0 |   2 |   25.0 |
         Sewer |    985 |    985 |      0 |    174 |    355 |   1 |  985.0 |
               +--------+--------+--------+--------+--------+-----+--------+

Top non-repeatable levels by time:
     D:4: 2515 daAuts
     D:5: 1701 daAuts
     D:3: 1390 daAuts
     D:6: 1217 daAuts
     D:1: 1128 daAuts
     D:2: 1034 daAuts
   Sewer: 985 daAuts
     D:7: 260 daAuts
  Temple: 198 daAuts
 Abyss:3: 33 daAuts
 Abyss:2: 17 daAuts
